 Dungeon Crawl Stone Soup version 0.27-a0-1137-g3ef0f4ec91 (webtiles) character file.

Game seed: 15101046694644089398

116 kae the Skirmisher (level 4, 0/36 HPs)
             Began as a Demonspawn Abyssal Knight on May 6, 2021.
             Was a Believer of Lugonu.
             Slain by an orc
             ... wielding a +0 war axe
              (3 damage)
             ... on level 3 of the Dungeon.
             The game lasted 00:01:24 (2897 turns).

kae the Skirmisher (Demonspawn Abyssal Knight)      Turns: 2897, Time: 00:01:25

Health: 0/36       AC:  4    Str: 13    XL:     4   Next: 69%
Magic:  6/6        EV: 11    Int: 13    God:    Lugonu [**....]
Gold:   77         SH:  0    Dex: 13    Spells: 3/3 levels left

rFire    . . .     SeeInvis .   a - +1 falchion
rCold    . . .     Faith    .   (no shield)
rNeg     . . .     Spirit   .   b - +0 leather armour
rPois    .         Reflect  .   (no helmet)
rElec    .         Harm     .   (no cloak)
rCorr    .         Rampage  .   (no gloves)
Will     +....                  (no boots)
Stlth    +.........             (no amulet)
HPRegen  0.12/turn              c - ring of willpower
MPRegen  0.10/turn              (no ring)

@: no status effects
A: rugged brown scales 1
a: Renounce Religion, Depart the Abyss, Bend Space


You were on level 3 of the Dungeon.
You worshipped Lugonu.
Lugonu was pleased with you.
You visited 1 branch of the dungeon, and saw 3 of its levels.
You visited the Abyss 1 time.

You collected 77 gold pieces.

Inventory:

Hand Weapons
 a - a +1 falchion (weapon)
Armour
 b - a +0 leather armour (worn)
Jewellery
 c - a ring of willpower (left hand)
 e - a +4 ring of evasion
Potions
 d - 2 potions of haste {unknown}
 g - 2 potions of cancellation {unknown}
 i - a potion of curing {unknown}
 j - a potion of lignification {unknown}


   Skills:
 - Level 3.4 Fighting
 + Level 3.3 Long Blades
 - Level 2.3 Armour
 - Level 1.6 Dodging
 - Level 3.2 Invocations


You had 3 spell levels left.
You didn't know any spells.
Your spell library was empty.

Dungeon Overview and Level Annotations

Branches:
Dungeon (3/15)

Altars:


Innate Abilities, Weirdness & Mutations

You are partially covered in rugged brown scales. (AC +1, +3% HP)


Message History

The orc barely misses you.
You riposte.
You hit the orc but do no damage. The orc hits you but does no damage.
You closely miss the orc wizard.
The orc wizard is heavily wounded.
The orc wizard gestures at itself while chanting.
The orc wizard flickers and vanishes!
Deactivating autopickup; reactivate with Ctrl-A.
The orc closely misses you. The orc hits you with a +0 flail.
You hit the orc.
The orc is moderately wounded.
Something hits you but does no damage. The orc hits you but does no damage.
The orc hits you with a +0 flail.
You hit the orc.
You kill the orc!
Lugonu accepts your kill. Something hits you. The orc misses you.
You barely miss the orc. Something hits you but does no damage.
The quokka barely misses you. The orc hits you with a +0 war axe.
You are too injured to fight recklessly!
You closely miss something. The quokka barely misses you. Something hits you.
The orc misses you. The quokka misses you.
Something hits you but does no damage.
You hit something. The orc hits you but does no damage.
The quokka barely misses you.
You riposte.
You miss the quokka. Something hits you.
You hit something. The orc closely misses you.
You riposte.
You hit the orc but do no damage. The quokka closely misses you.
You hear some strange, mumbled words.
A puff of flame appears from out of thin air!
The puff of flame hits you!
* * * LOW HITPOINT WARNING * * *
The orc barely misses you.
You riposte.
You hit the orc.
The orc is lightly wounded.
You barely miss something. The quokka bites you.
* * * LOW HITPOINT WARNING * * *
Something barely misses you. The orc hits you but does no damage.
The quokka bites you but does no damage.
You miss something. Something hits you but does no damage.
The quokka closely misses you. The orc hits you with a +0 war axe.
You die...

.. ...
#...###############
+.................#
##..o............#)#
#..............#.#.#
#.....##r...##.#.#.#
......)@o......#.#<#
......{........#.#†#
......#........#.#.#
......+........#.#.#
.##.. #.>......#.#.#
..............# #.#
.#####.........# #.#
#.........# #.#
#.........#


You could see an orc and a quokka.

Vanquished Creatures
  Jessica (D:2)
  2 gnolls (D:1)
  An adder (D:2)
  A worm (D:2)
  2 dart slugs
  2 orcs (D:3)
  6 endoplasms
  6 giant cockroaches
  5 goblins
  2 hobgoblins
  A kobold (D:1)
  4 quokkas
  4 ball pythons
  6 bats
  3 frilled lizards (D:1)
  6 rats
52 creatures vanquished.

Notes
Turn   | Place    | Note
-------+----------+-------------------------------------------
     0 | Abyss:1  | kae the Demonspawn Abyssal Knight began the quest for the
                  | Orb.
     0 | Abyss:1  | Reached XP level 1. HP: 18/18 MP: 2/2
   111 | Abyss:1  | Noticed a tentacled starspawn
   135 | Abyss:1  | Noticed a chaos spawn
   141 | D:1      | Escaped the Abyss
   181 | D:1      | Reached skill level 1 in Dodging
   362 | D:1      | Reached * piety under Lugonu
   543 | D:1      | Gained mutation: You are partially covered in rugged brown
                  | scales. (AC +1, +3% HP) [demonic ancestry]
   543 | D:1      | Reached XP level 2. HP: 14/24 MP: 4/4
   810 | D:1      | Reached XP level 3. HP: 29/29 MP: 5/5
  1651 | D:2      | Found a faded altar of an unknown god.
  1993 | D:2      | Noticed Jessica
  2122 | D:2      | Reached XP level 4. HP: 20/36 MP: 6/6
  2526 | D:2      | Killed Jessica
  2526 | D:2      | Reached ** piety under Lugonu
  2897 | D:3      | Slain by an orc

Illustrated notes

Levels and vault maps discovered:
D:1:      wander_arrival_desolate, layout_loops_ring
D:2:      layout_basic, hellmonk_ecumenical_altar_heavens_door, uniq_jessica
D:3:      layout_basic, serial_shops, shop, uniq_crazy_yiuf_cottage

Skill      XL: |  1  2  3  4 |
---------------+-------------+-----
Dodging        | 1 |  1.6
Long Blades    | 2 3 |  3.3
Armour         | 2 |  2.3
Invocations    | 3 |  3.2
Fighting       | |  3.4

Action                   |  1- 3 |  4- 6 || total
-------------------------+-------+-------++-------
Melee: Falchion          |   115 |    28 ||   143
Invok: Depart the Abyss  |     1 |       ||     1
  Use: Scroll            |     2 |     2 ||     4
 Stab: Sleeping          |     1 |     1 ||     2
Armor: Leather armour    |    40 |    12 ||    52
Dodge: Dodged            |    91 |    25 ||   116
       Rpst.: Falchion   |    25 |     6 ||    31

Table legend: (Time is in decaauts)
 A = Elapsed time spent in this place.
 B = Non-inter-level travel time spent in this place.
 C = Inter-level travel time spent in this place.
 D = Time resting spent in this place.
 E = Time spent auto-exploring this place.
 F = Levels seen in this place.
 G = Mean time per level.
                   A        B        C        D        E       F      G
               +--------+--------+--------+--------+--------+-----+--------+
         Total |   2922 |   2894 |     28 |    164 |   2358 |   4 |  730.5 |
       Dungeon |   2781 |   2753 |     28 |    164 |   2249 |   3 |  927.0 |
         Abyss |    141 |    141 |      0 |      0 |    109 |   1 |  141.0 |
               +--------+--------+--------+--------+--------+-----+--------+

Top non-repeatable levels by time:
     D:1: 1513 daAuts
     D:2: 1090 daAuts
     D:3: 177 daAuts
 Abyss:1: 141 daAuts
